 Dungeon Sprint DCSS version 0.31-a0-868-g674d60d6f7 (webtiles) character file.

Game seed: 11420987141729727137

11599 fozzywoppz the Imperceptible (level 11, -2/60 HPs)
             Began as a Spriggan Enchanter on Oct 12, 2023.
             Was the Champion of Sif Muna.
             Slain by a dire elephant (9 damage)
             ... in the Dungeon (Sprint III: "The Ten Rune Challenge").
             The game lasted 00:19:25 (1949 turns).

fozzywoppz the Imperceptible (Spriggan Enchanter)   Turns: 1949, Time: 00:19:26

Health: -2/60      AC:  2    Str:  6    XL:     11   Next: 51%
Magic:  25/28      EV: 31    Int: 17    God:    Sif Muna [******]
Gold:   1853       SH:  0    Dex: 18    Spells: 8/34 levels left

rFire   . . .        h - +2 short sword (venom)
rCold   + . .        (no shield)
rNeg    . . .        b - +0 robe
rPois   .            (helmet restricted)
rElec   .            (no cloak)
rCorr   .            (gloves unavailable)
SInv    +            (boots unavailable)
Will    +....        (no amulet)
Stlth   ++++++++     (no ring)
HPRegen 0.30/turn    (no ring)
MPRegen 0.21/turn

%: no teleportation
@: confusing by touch, very quick
A: very small, no large weapons, unfitting armour, see invisible, speed 3, cold
resistance 1
a: Renounce Religion, Channel Magic, Forget Spell, Divine Exegesis


You were in the Dungeon.
You worshipped Sif Muna.
Sif Muna was exalted by your worship.
You visited 1 branch You collected 1925 gold pieces.
You spent 72 gold pieces at shops.

Inventory:

Hand Weapons
 h - a +2 short sword of venom (weapon)
Armour
 b - a +0 robe (worn)
Talismans
 l - a maw talisman
Scrolls
 p - a scroll of enchant armour
Potions
 c - a potion of invisibility
 d - a potion of curing
 e - a potion of heal wounds
 g - 2 potions of magic
 k - 4 potions of mutation
 n - 3 potions of enlightenment


   Skills:
 - Level 8.0 Fighting
 - Level 8.0 Short Blades
 + Level 17.9 Dodging
 + Level 22.8 Stealth
 - Level 12.0 Spellcasting
 - Level 1.0 Conjurations
 + Level 10.6 Hexes
 + Level 9.0 Transmutations
 + Level 9.4 Invocations


You had 8 spell levels left.
You knew the following spells:

 Your Spells              Type           Power      Damage    Failure   Level
a - Confusing Touch       Hex            46%        N/A       1%          3
b - Ensorcelled Hibernat  Hex/Ice        56%        N/A       1%          2
c - Tukima's Dance        Hex            46%        N/A       1%          3
d - Leda's Liquefaction   Hex/Erth       14%        N/A       8%          4
e - Wereblood             Tmut           40%        N/A       1%          2
f - Dazzling Flash        Conj/Hex       58%        N/A       1%          3
g - Slow                  Hex            100%       N/A       1%          1
h - Yara's Violent Unrav  Hex/Tmut       21%        3d10      3%          5
i - Summon Guardian Gole  Hex/Summ       28%        N/A       2%          3

Your spell library contained the following spells:

 Spells                   Type           Power      Damage    Failure   Level
 Jinxbite                 Hex            92%        N/A       1%          2
 Kiss of Death            Conj/Necr      44%        2d8       5%          1
 Fulminant Prism          Conj/Hex       14%        3d9       6%          4
 Apportation              Tloc           20%        N/A       7%          1
 Anguish                  Hex/Necr       14%        N/A       8%          4
 Momentum Strike          Conj/Tloc      22%        3d8       9%          2
 Scorch                   Fire           20%        2d5       11%         2
 Sublimation of Blood     Necr           10%        N/A       11%         2
 Hailstorm                Conj/Ice       11%        3d5       17%         3
 Gell's Gravitas          Tloc           10%        N/A       21%         3
 Volatile Blastmotes      Fire/Tloc      20%        2d11      21%         3
 Summon Mana Viper        Hex/Summ       28%        N/A       22%         5
 Irradiate                Conj/Tmut      13%        3d16      24%         5
 Flame Wave               Conj/Fire      11%        2d6       50%         4
 Airstrike                Air            5%         2d(1-17)  56%         4
 Vhi's Electric Charge    Tloc/Air       20%        N/A       56%         4
 Fireball                 Conj/Fire      5%         3d5       83%         5
 Discord                  Hex            23%        N/A       99%         8
 Bombard                  Conj/Erth      5%         9d2       100%        6
 Starburst                Conj/Fire      5%         6d4       100%        6
 Summon Hydra             Summ           5%         N/A       100%        7
 Chain Lightning          Conj/Air       5%         3d7       100%        9


Dungeon Overview and Level Annotations

Branches:
Dungeon (1/1)

Altars:
Cheibriados
Dithmenos
Elyvilon
Fedhas
Gozag
Hepliaklqana
Kikubaaqudgha
Makhleb
Nemelex Xobeh
Okawaru
Qazlal
Ru
Sif Muna
Trog
Uskayaw
Vehumet
Wu Jian
Xom
Yredelemnul
Zin
The Shining One
Jiyva
Lugonu

Shops:
D *

Annotations:
D Gastronok


Innate Abilities, Weirdness & Mutations

You are very small and have problems with some larger weapons.
You are too small for most types of armour.
You have supernaturally acute eyesight. (SInv)
You cover ground extremely quickly. (Speed+++)
Your flesh is cold resistant. (rC+)


Message History

Anything else - Cancel.
Gang up on whom?
Press: ? - help, Dir - move target, f - dire elephant
Aim: a dire elephant (grey smoke, water, wandering, unable to see you, hasn't noticed you) Attack!
Your primal bloodlust has ended.
You enter the shallow water.
Moving in this stuff is going to be slow. ...and don't expect to remain undetected.
The dire elephant trumpets!
You flicker back into view.
There is an open door here.
You enter the shallow water.
Moving in this stuff is going to be slow.
There's a creature in the doorway!
Okay, then.
Casting: Summon Guardian Golem (dangerous; 2% risk of failure)
Confirm with . or Enter, or press ? or * to list all spells.
Okay, then.
Casting: Summon Guardian Golem (dangerous; 2% risk of failure)
Confirm with . or Enter, or press ? or * to list all spells.
Your hands begin to glow red.
The dire elephant misses you. x2
You hit the dire elephant but do no damage.
The dire elephant misses you. The dire elephant trunk-slaps you!
* * * LOW HITPOINT WARNING * * *
You hit the dire elephant but do no damage.
Your unstable footing causes you to fumble your attack.
The dire elephant barely misses you. The dire elephant misses you.
The dire elephant attacks as it pursues you!
The dire elephant tramples you.
* * * LOW HITPOINT WARNING * * *
You stumble backwards!
You hit the dire elephant but do no damage.
The dire elephant barely misses you.
The dire elephant completely misses you.
You hit the dire elephant but do no damage.
You hit the dire elephant but do no damage.
The dire elephant completely misses you.
The dire elephant trunk-slaps you!
You die...

#...'.⌠........#).∩#####.#
#.).#...######'#)### .#
....#.⌠.#__#...#)################
....#...#__#...#)...#.#.#)....#..
..÷.#'###__#...##.#..#.##.###)#.^
....#...#__#...'##)#.#.##.#).##..
....#___#__'...#.).#..#..##..'...
▓▓▓▓▓▓▓▓▓▓▓▓▓▓▓▓▓▓▓▓▓▓▓▓▓▓▓▓▓#^.^
~♣♣§§.....♣♣~~9Y@......~~~...#..^
§♣♣§§§≈≈9.♣'♣≈≈≈≈≈≈≈≈≈≈≈≈♣♣P.'...
§§Y§§§..#.~♣♣♣♣♣♣♣♣♣♣♣♣♣♣♣♣PP#...
§♣♣♣♣♣♣♣#..♣♣ ♣♣♣##+# ~♣
###'♣♣♣♣♣♣♣♣♣♣♣♣♣♣♣ ###♣
♣♣♣♣.##..##~~~~~≈..# ...♣♣
♣...##.##.#~~~~≈...# ###+♣
♣♣.##†##.##†~~~≈≈### ....♣
♣..#.##...#†~......


You could see a dire elephant (ally target) and a friendly guardian golem
(summoned).

Vanquished Creatures
  Rupert (D)
  Erolcha (D)
  2 hydras (D)
  A death yak (D)
  Urug (D)
  A lindwurm (D)
  A deep elf pyromancer (D)
  An elephant (D)
  2 cane toads (D)
  A rime drake (D)
  A komodo dragon (D)
  2 tyrant leeches (D)
  6 blink frogs (D)
  3 wandering mushrooms (D)
  A shadow (D)
  5 redbacks (D)
  A spatial vortex (D)
  An orc warrior (D)
  A swamp drake (D)
  5 two-headed ogres (D)
  A necrophage (D)
  A water elemental (D)
  A scorpion (D)
  An electric eel (D)
  6 orc priests (D)
  A jelly (D)
  A wizard (D)
  A necromancer (D)
  4 orc wizards (D)
  3 humans (D)
  A kobold demonologist (D)
  7 orcs (D)
  2 endoplasms (D)
  2 rats (D)
70 creatures vanquished.

Vanquished Creatures (others)
  An elephant (D)
1 creature vanquished.

Grand Total: 71 creatures vanquished

Notes
Turn   | Place    | Note
-------+----------+-------------------------------------------
     0 | D        | fozzywoppz the Spriggan Enchanter began the quest for the
                  | Orb.
     0 | D        | Reached XP level 1. HP: 9/9 MP: 5/5
    52 | D        | Reached skill level 5 in Stealth
    57 | D        | Noticed a scorpion
    60 | D        | Killed a scorpion
    61 | D        | Reached skill level 5 in Dodging
    61 | D        | Reached skill level 6 in Stealth
    61 | D        | Reached skill level 5 in Hexes
    61 | D        | Reached XP level 2. HP: 13/13 MP: 5/8
    61 | D        | Reached XP level 3. HP: 16/16 MP: 6/10
    78 | D        | Learned a level 3 spell: Confusing Touch
    81 | D        | Learned a level 2 spell: Ensorcelled Hibernation
    95 | D        | Reached skill level 7 in Stealth
    95 | D        | Reached skill level 5 in Spellcasting
    95 | D        | Reached XP level 4. HP: 21/21 MP: 7/12
   134 | D        | Noticed a water elemental
   148 | D        | Killed a water elemental
   149 | D        | Reached skill level 8 in Stealth
   149 | D        | Reached XP level 5. HP: 24/24 MP: 14/14
   203 | D        | Found a radiant altar of Vehumet.
   203 | D        | Found a shimmering blue altar of Sif Muna.
   203 | D        | Found an ancient bone altar of Kikubaaqudgha.
   215 | D        | HP: 1/24 [wizard/+0 dagger (4)]
   321 | D        | Reached skill level 5 in Short Blades
   411 | D        | Became a worshipper of Sif Muna the Loreminder
   428 | D        | Found a glowing silver altar of Zin.
   428 | D        | Found a glowing golden altar of the Shining One.
   428 | D        | Found a white marble altar of Elyvilon.
   429 | D        | Noticed a deep elf pyromancer
   431 | D        | Killed a deep elf pyromancer
   432 | D        | Reached skill level 12 in Stealth
   432 | D        | Reached XP level 6. HP: 28/28 MP: 15/19
   432 | D        | Reached XP level 7. HP: 32/32 MP: 15/20
   438 | D        | Found a hide-covered altar of Uskayaw.
   438 | D        | Found an iron altar of Okawaru.
   438 | D        | Found a bloodstained altar of Trog.
   438 | D        | Found an ornate altar of the Wu Jian Council.
   438 | D        | Noticed a human
   439 | D        | Noticed a human
   441 | D        | Killed a human
   442 | D        | Reached skill level 10 in Dodging
   442 | D        | Reached skill level 13 in Stealth
   442 | D        | Killed a human
   442 | D        | Reached * piety under Sif Muna
   443 | D        | Reached skill level 10 in Spellcasting
   476 | D        | Found a basalt altar of Yredelemnul.
   476 | D        | Found a shadowy altar of Dithmenos.
   476 | D        | Found a sacrificial altar of Ru.
   492 | D        | Reached skill level 14 in Stealth
   492 | D        | Reached XP level 8. HP: 33/36 MP: 17/23
   514 | D        | Reached ** piety under Sif Muna
   520 | D        | Found a blossoming altar of Fedhas.
   520 | D        | Found a stormy altar of Qazlal.
   520 | D        | Found a snail-covered altar of Cheibriados.
   520 | D        | Found a burning altar of Makhleb.
   520 | D        | Found a shimmering altar of Xom.
   521 | D        | Found a hazy altar of Hepliaklqana.
   521 | D        | Found an opulent altar of Gozag.
   521 | D        | Found a sparkling altar of Nemelex Xobeh.
   521 | D        | Found a corrupted altar of Lugonu.
   521 | D        | Found a viscous altar of Jiyva.
   524 | D        | Reached skill level 15 in Stealth
   582 | D        | Reached *** piety under Sif Muna
   583 | D        | Reached skill level 1 in Fighting
   596 | D        | Noticed a two-headed ogre
   599 | D        | Killed a two-headed ogre
   604 | D        | Noticed a two-headed ogre
   604 | D        | Noticed Erolcha
   621 | D        | Killed Erolcha
   622 | D        | Reached skill level 17 in Stealth
   622 | D        | Reached XP level 9. HP: 46/46 MP: 8/26
   626 | D        | Killed a two-headed ogre
   626 | D        | Reached **** piety under Sif Muna
   627 | D        | Reached skill level 5 in Fighting
   729 | D        | Reached ***** piety under Sif Muna
   729 | D        | Identified Sif Muna's Incunabulum of the Welkin and the Sun
                  | (Sif Muna gifted it to you in the Dungeon)
   729 | D        | Received a gift from Sif Muna
   730 | D        | Reached skill level 15 in Dodging
   730 | D        | Reached skill level 18 in Stealth
   769 | D        | Identified Tozxeih's Handbook of Ironbound Relocation (Sif
                  | Muna gifted it to you in the Dungeon)
   769 | D        | Received a gift from Sif Muna
   782 | D        | Found Zihoetho's General Store.
   829 | D        | Bought a scroll of immolation for 48 gold pieces
   829 | D        | Bought a scroll of identify for 24 gold pieces
   960 | D        | Reached skill level 19 in Stealth
   971 | D        | Noticed a wandering mushroom
   975 | D        | Noticed a wandering mushroom
   977 | D        | Noticed a wandering mushroom
   980 | D        | Reached skill level 20 in Stealth
   980 | D        | Reached skill level 1 in Invocations
  1070 | D        | Noticed a cane toad
  1070 | D        | Noticed a komodo dragon
  1070 | D        | Noticed a cane toad
  1074 | D        | Killed a cane toad
  1074 | D        | Received a gift from Sif Muna
  1075 | D        | Reached XP level 10. HP: 53/53 MP: 27/27
  1075 | D        | Killed a cane toad
  1077 | D        | Reached skill level 10 in Hexes
  1085 | D        | Learned a level 3 spell: Tukima's Dance
  1090 | D        | Learned a level 4 spell: Leda's Liquefaction
  1093 | D        | Learned a level 2 spell: Wereblood
  1121 | D        | Reached skill level 1 in Transmutations
  1131 | D        | Reached skill level 5 in Invocations
  1310 | D        | Noticed a lindwurm
  1314 | D        | Killed a lindwurm
  1316 | D        | Identified Sif Muna's Meditations on the Impact (Sif Muna
                  | gifted it to you in the Dungeon)
  1316 | D        | Received a gift from Sif Muna
  1330 | D        | Noticed Urug
  1332 | D        | Killed Urug
  1333 | D        | Reached skill level 5 in Transmutations
  1336 | D        | Noticed a seven-headed hydra
  1336 | D        | Noticed a four-headed hydra
  1355 | D        | Killed a four-headed hydra
  1356 | D        | Reached skill level 21 in Stealth
  1358 | D        | Killed a seven-headed hydra
  1395 | D        | Learned a level 3 spell: Dazzling Flash
  1405 | D        | Identified Sif Muna's Atlas of Misfortune (Sif Muna gifted
                  | it to you in the Dungeon)
  1405 | D        | Received a gift from Sif Muna
  1406 | D        | Reached XP level 11. HP: 60/60 MP: 28/28
  1412 | D        | Learned a level 1 spell: Slow
  1418 | D        | Learned a level 5 spell: Yara's Violent Unravelling
  1422 | D        | Learned a level 3 spell: Summon Guardian Golem
  1616 | D        | Noticed Rupert
  1620 | D        | Killed Rupert
  1621 | D        | Reached skill level 22 in Stealth
  1632 | D        | Noticed a death yak
  1633 | D        | Noticed a death yak
  1639 | D        | Killed a death yak
  1639 | D        | Reached ****** piety under Sif Muna
  1640 | D        | Reached skill level 1 in Conjurations
  1640 | D        | Noticed an azure jelly
  1640 | D        | Noticed a death yak
  1640 | D        | Noticed an azure jelly
  1640 | D        | Noticed a death yak
  1678 | D        | Noticed a dire elephant
  1678 | D        | Noticed a dire elephant
  1678 | D        | Noticed Gastronok
  1733 | D        | Identified Sif Muna's Essays on Puissant Geology (Sif Muna
                  | gifted it to you in the Dungeon)
  1733 | D        | Received a gift from Sif Muna
  1907 | D        | Gained mutation: Your flesh is cold resistant. (rC+)
                  | [potion of mutation]
  1949 | D        | Slain by a dire elephant

Illustrated notes

Levels and vault maps discovered:
D:        dungeon_sprint_mu [sprint_mu_entry_cave, sprint_mu_temple_rooms,
          sprint_mu_d1_spiders, sprint_mu_d2_genie, sprint_mu_d3_branching,
          sprint_mu_orc_legion, sprint_mu_elf_gauntlet, sprint_mu_hive_nellie,
          sprint_mu_lair_fedhas, sprint_mu_vaults_butterflies,
          sprint_mu_slime_circle, sprint_mu_swamp_cave, sprint_mu_snake_twists,
          sprint_mu_blade_basic, sprint_mu_crypt_chambers,
          sprint_mu_tomb_spiral, sprint_mu_vestibule_basic,
          sprint_mu_gehenna_hellfire, sprint_mu_dis_giant,
          sprint_mu_tartarus_statrot, sprint_mu_cocytus_islands, sprint_mu_zot1]

Skill      XL: |  1  2  3  4  5  6  7  8  9 10 11 |
---------------+----------------------------------+-----
Dodging        | 5 6 9 11 14 15 16 17 | 17.9
Spellcasting   | 4 5 9 10 12 | 12.0
Hexes          | 5 6 8 9 10 | 10.6
Stealth        | 6 7 8 12 14 17 20 21 22 | 22.8
Short Blades   | 3 4 8 |  8.0
Fighting       | 4 5 8 |  8.0
Invocations    | 3 7 9 |  9.4
Transmutations | 6 9 |  9.0
Conjurations   | 1 |  1.0

Action                     |  1- 3 |  4- 6 |  7- 9 | 10-12 || total
---------------------------+-------+-------+-------+-------++-------
  Melee: Dagger            |    10 |    35 |     2 |       ||    47
         Short sword       |       |       |    89 |    90 ||   179
         Punch             |       |       |       |     1 ||     1
   Cast: Ensorcelled Hiber |     1 |     1 |     4 |     2 ||     8
         Confusing Touch   |       |     4 |    18 |    14 ||    36
         Wereblood         |       |       |       |     2 ||     2
         Summon Guardian G |       |       |       |     2 ||     2
         Yara's Violent Un |       |       |       |     2 ||     2
         Slow              |       |       |       |     1 ||     1
  Evoke: Wand              |       |       |     3 |       ||     3
    Use: Potion            |       |     1 |       |     5 ||     6
         Scroll            |       |     1 |     3 |     3 ||     7
   Stab: Sleeping          |     3 |     1 |     7 |    13 ||    24
         Confused          |       |     1 |    14 |     9 ||    24
         Distracted        |       |       |     1 |       ||     1
 Armour: Robe              |     1 |    17 |     7 |    24 ||    49
  Dodge: Dodged            |     4 |    36 |    37 |    65 ||   142

Table legend: (Time is in decaauts)
 A = Elapsed time spent in this place.
 B = Non-inter-level travel time spent in this place.
 C = Inter-level travel time spent in this place.
 D = Time resting spent in this place.
 E = Time spent auto-exploring this place.
 F = Levels seen in this place.
 G = Mean time per level.
                   A        B        C        D        E       F      G
               +--------+--------+--------+--------+--------+-----+--------+
         Total |   1689 |   1689 |      0 |    954 |     38 |   1 | 1689.0 |
       Dungeon |   1689 |   1689 |      0 |    954 |     38 |   1 | 1689.0 |
               +--------+--------+--------+--------+--------+-----+--------+

Top non-repeatable levels by time:
       D: 1689 daAuts
